 Dungeon Crawl Stone Soup version 0.30-a0-726-gd89dcf765f (webtiles) character file.

Game seed: 9664051734790016410

1710 browni3141 the Geomancer (level 9, -1/63 HPs)
             Began as a Human Earth Elementalist on Jan 30, 2023.
             Slain by an orc
             ... wielding a +2 heavy flail
              (10 damage)
             ... on level 7 of the Dungeon.
             The game lasted 00:11:44 (7056 turns).

browni3141 the Geomancer (Human Earth Elementalist) Turns: 7056, Time: 00:11:44

Health: -1/63      AC:  5    Str:  9    XL:     9   Next: 24%
Magic:  10/15      EV: 17    Int: 19    God:
Gold:   474        SH:  0    Dex: 14    Spells: 6/16 levels left

rFire   . . .      SeeInvis .    x - +1 dagger (venom)
rCold   . . .      Faith    .    (no shield)
rNeg    . . .      Spirit   .    a - +0 robe
rPois   .          Reflect  .    h - +1 helmet
rElec   .          Harm     .    (no cloak)
rCorr   .          Rampage  .    (no gloves)
Will    .....                    y - +0 pair of boots
Stlth   +                        C - amulet of the acrobat
HPRegen 0.30/turn                r - +5 ring of evasion
MPRegen 0.14/turn                (no ring)

@: confused
A: no striking features
a: no special abilities


You were on level 7 of the Dungeon.
You visited 2 branches of the dungeon, and saw 8 of its levels.

You collected 474 gold pieces.

Inventory:

Hand Weapons
 c - a +0 club
 d - a +0 dagger
 x - a +1 dagger of venom (weapon)
Missiles
 w - 15 poisoned darts
Armour
 a - a +0 robe (worn)
 h - a +1 helmet (worn)
 y - a +0 pair of boots (worn)
Magical Staves
 i - a staff of conjuration
Jewellery
 r - a +5 ring of evasion (left hand)
 C - an amulet of the acrobat (around neck)
 E - a +5 ring of evasion
Wands
 g - a wand of charming (4)
 u - a wand of quicksilver (1)
 D - a wand of flame (6)
Scrolls
 k - 3 scrolls of poison
 m - a scroll of silence
 n - 2 scrolls of magic mapping
 o - 2 scrolls of teleportation {unknown}
 p - 2 scrolls of brand weapon {unknown}
 q - 3 scrolls of amnesia {unknown}
 s - 2 scrolls of noise {unknown}
 v - a scroll of vulnerability {unknown}
 B - 2 scrolls of identify
Potions
 b - 4 potions of magic
 e - 4 potions of haste
 f - 3 potions of resistance
 j - 3 potions of heal wounds {unknown}
 l - 4 potions of curing
 t - a potion of cancellation {unknown}
 z - a potion of might {unknown}
 A - a potion of lignification {unknown}
 F - a potion of attraction {unknown}


   Skills:
 * Level 3.0 Fighting
 - Level 2.0 Dodging
 - Level 2.0 Stealth
 - Level 4.0 Spellcasting
 - Level 3.0 Conjurations
 * Level 4.6 Transmutations
 * Level 8.4 Earth Magic
 - Level 2.0 Evocations


You had 6 spell levels left.
You knew the following spells:

 Your Spells              Type           Power      Damage    Failure   Level
a - Sandblast             Erth           70%        2d15      1%          1
b - Passwall              Tmut/Erth      23%        N/A       1%          2
c - Stone Arrow           Conj/Erth      50%        3d10      4%          3
d - Petrify               Tmut/Erth      28%        N/A       10%         4

Your spell library contained the following spells:

 Spells                   Type           Power      Damage    Failure   Level
 Apportation              Tloc           6%         N/A       14%         1
 Freeze                   Ice            12%        1d3       14%         1
 Necrotise                Necr           12%        1d4       14%         1
 Ensorcelled Hibernation  Hex/Ice        6%         N/A       21%         2
 Hailstorm                Conj/Ice       9%         3d4       22%         3
 Frozen Ramparts          Ice            6%         1d1       38%         3
 Portal Projectile        Hex/Tloc       6%         N/A       38%         3
 Swiftness                Air            3%         N/A       38%         3
 Tukima's Dance           Hex            3%         N/A       38%         3
 Vampiric Draining        Necr           3%         2d6       38%         3
 Blade Hands              Tmut           10%        N/A       50%         5
 Alistair's Intoxication  Tmut/Pois      8%         N/A       82%         5
 Agony                    Necr           3%         N/A       98%         5


Dungeon Overview and Level Annotations

Branches:
Dungeon (7/15)             Temple (1/1) D:4

Altars:
Elyvilon
Fedhas
Hepliaklqana
Okawaru
Trog
Uskayaw
Vehumet
Zin

Shops:
D:4 *


Message History

You're too confused to cast spells.
You're too confused to cast spells.
You're too confused to cast spells.
An orc priest comes into view. It is wielding a +0 club.
The orc priest shouts!
You hear some strange, mumbled words.
Something tries to affect you, but you resist.
An orc comes into view. It is wielding a +0 hand axe.
You hear some strange, mumbled words.
A puff of flame appears from out of thin air!
The puff of flame hits you! The orc completely misses you.
The orc priest invokes the aid of Beogh against you.
Beogh smites you!
You hear some strange, mumbled words.
A magic dart appears from out of thin air!
The magic dart hits you! The orc completely misses you.
There is a stone staircase leading up here.
The orc priest begins to cast a cantrip, but forgets the words!
The orc misses you. Something hits you. The orc barely misses you.
In your confused state, you trip and fall back down the stairs.
The orc priest looks satisfied for a moment.
You hear some strange, mumbled words.
You are more confused.
The orc barely misses you. The orc completely misses you.
Unknown command.
Something hits you but does no damage.
In your confused state, you trip and fall back down the stairs.
Something hits you but does no damage. The orc hits you but does no damage.
Unknown command.
The orc misses you.
You hear some strange, mumbled words.
A puff of flame appears from out of thin air!
The puff of flame misses you. The orc closely misses you.
In your confused state, you trip and fall back down the stairs.
The orc priest invokes the aid of Beogh against you.
Beogh smites you!
* * * LOW HITPOINT WARNING * * *
Something hits you.
* * * LOW HITPOINT WARNING * * *
The orc completely misses you. The orc hits you with a +2 heavy flail!
You die...

#...#
#...#
#...#
#...#
#...#
#...# .#
#.))##...#
#o@o......
#oo{......
#....>..?.
#....o....
#.......[.
#.........
#.........
#.........
#........


You could see an orc priest and 4 orcs.

Vanquished Creatures
  The ghost of Legacy the Shooter, a novice SpHu (D:5)
  Sigmund (D:2)
  A steam dragon (D:4)
  A water moccasin (D:5)
  A sky beast (D:6)
  2 black bears (D:5)
  3 scorpions
  A howler monkey (D:5)
  4 hounds
  2 orc priests (D:5)
  A jelly (D:6)
  Natasha (thrice) (D:2)
  An iguana (D:5)
  An orc wizard (D:5)
  4 gnolls
  7 adders
  2 shadow imps (D:6)
  A white imp (D:5)
  An ufetubus (D:5)
  2 worms
  4 dart slugs
  25 orcs
  4 endoplasms
  2 giant cockroaches
  13 goblins
  8 hobgoblins
  7 jackals (D:2)
  5 kobolds
  4 quokkas
  2 ball pythons
  4 bats
  A frilled lizard (D:1)
  8 rats
127 creatures vanquished.

Notes
Turn   | Place    | Note
-------+----------+-------------------------------------------
     0 | D:1      | browni3141 the Human Earth Elementalist began the quest for
                  | the Orb.
     0 | D:1      | Reached XP level 1. HP: 13/13 MP: 3/3
    64 | D:1      | You fall into a shaft and drop 1 floor!
    72 | D:2      | Reached skill level 1 in Fighting
   138 | D:1      | Reached XP level 2. HP: 21/21 MP: 1/5
   417 | D:1      | Learned a level 2 spell: Passwall
   668 | D:1      | Reached XP level 3. HP: 27/27 MP: 3/6
  1418 | D:2      | Reached XP level 4. HP: 33/33 MP: 2/7
  1502 | D:2      | Noticed Natasha
  1507 | D:2      | Killed Natasha
  1508 | D:2      | Reached skill level 4 in Earth Magic
  1513 | D:2      | Learned a level 3 spell: Stone Arrow
  1721 | D:2      | Noticed Sigmund
  1766 | D:2      | Noticed Natasha
  1771 | D:2      | Killed Natasha
  1772 | D:2      | Reached skill level 1 in Conjurations
  1772 | D:2      | Reached XP level 5. HP: 35/38 MP: 4/8
  2656 | D:3      | Found a hide-covered altar of Uskayaw.
  3295 | D:4      | Reached XP level 6. HP: 40/44 MP: 1/9
  3521 | D:4      | Found a staircase to the Ecumenical Temple.
  3553 | D:4      | Found Jusoom's Gadget Gallery.
  3556 | D:4      | Noticed a steam dragon
  3567 | D:4      | Killed a steam dragon
  3568 | D:4      | Reached skill level 5 in Earth Magic
  3928 | D:4      | Reached XP level 7. HP: 50/50 MP: 7/11
  4633 | D:2      | Killed Sigmund
  4634 | D:2      | Reached skill level 1 in Evocations
  4726 | D:2      | Noticed Natasha
  4734 | D:2      | Killed Natasha
  5104 | Temple   | Entered the Ecumenical Temple
  5115 | D:5      | Entered Level 5 of the Dungeon
  5185 | D:5      | Noticed a water moccasin
  5187 | D:5      | Reached skill level 6 in Earth Magic
  5191 | D:5      | Killed a water moccasin
  5192 | D:5      | Reached XP level 8. HP: 23/56 MP: 0/14
  5504 | D:5      | Noticed Legacy's ghost (novice SpHu)
  5507 | D:5      | Found a runed translucent door.
  5572 | D:5      | Found a hazy altar of Hepliaklqana.
  5830 | D:5      | Reached skill level 7 in Earth Magic
  5957 | D:5      | Killed Legacy's ghost
  5958 | D:5      | Reached skill level 8 in Earth Magic
  5958 | D:5      | Reached XP level 9. HP: 49/61 MP: 2/15
  5963 | D:5      | Learned a level 4 spell: Petrify
  7056 | D:7      | Slain by an orc

Illustrated notes

Levels and vault maps discovered:
D:1:      ebering_hopf_link, layout_basic, minmay_rat_gold_closets
D:2:      layout_basic, st_stairs_5, uniq_sigmund, uniq_natasha
D:3:      layout_loops_ring, mainiacjoe_overflow_brackets, dk_noncrumbling_4,
          kennysheep_cross_bottleneck, mrwooster_statue_mirror
D:4:      layout_layer_cave, minmay_temple_entry_large_hall,
          wad_floor_pattern_untrapped, nicolae_shop_gadgets,
          uniq_crazy_yiuf_cottage
D:5:      layout_rooms, nicolae_overflow_crystal_walls,
          hellmonk_ghost_happy_afterlife, minmay_quadrilaterals
D:6:      layout_cave_pods, serial_park_tiny_pond
D:7:      layout_gridville, yredelemnul_altar_generic,
          minmay_fractal_squares_gapless_5
Temple:   hellmonk_temple_micro_hex

Skill      XL: |  1  2  3  4  5  6  7  8  9 |
---------------+----------------------------+-----
Fighting       | 1 2 3 |  3.0
Transmutations | 2 4 |  4.6
Earth Magic    | 4 5 6 8 |  8.4
Conjurations   | 1 3 |  3.0
Spellcasting   | 3 4 |  4.0
Evocations     | 2 |  2.0
Dodging        | |  2.0
Stealth        | |  2.0

Action                     |  1- 3 |  4- 6 |  7- 9 || total
---------------------------+-------+-------+-------++-------
  Melee: Dagger            |    16 |       |     1 ||    17
         Punch             |     1 |     1 |       ||     2
         Staff             |     4 |     5 |     4 ||    13
   Cast: Sandblast         |    49 |    80 |    92 ||   221
         Stone Arrow       |       |       |     3 ||     3
  Evoke: Wand              |       |     3 |     3 ||     6
    Use: Scroll            |     2 |       |     3 ||     5
         Potion            |       |     1 |     1 ||     2
 Armour: Robe              |     6 |     8 |    19 ||    33
  Dodge: Dodged            |    34 |    49 |    54 ||   137

Table legend: (Time is in decaauts)
 A = Elapsed time spent in this place.
 B = Non-inter-level travel time spent in this place.
 C = Inter-level travel time spent in this place.
 D = Time resting spent in this place.
 E = Time spent auto-exploring this place.
 F = Levels seen in this place.
 G = Mean time per level.
                   A        B        C        D        E       F      G
               +--------+--------+--------+--------+--------+-----+--------+
         Total |   7151 |   6751 |    400 |    300 |   5465 |   8 |  893.9 |
       Dungeon |   7149 |   6749 |    400 |    300 |   5465 |   7 | 1021.3 |
        Temple |      1 |      1 |      0 |      0 |      0 |   1 |    1.0 |
               +--------+--------+--------+--------+--------+-----+--------+

Top non-repeatable levels by time:
     D:4: 1625 daAuts
     D:1: 1266 daAuts
     D:3: 1234 daAuts
     D:2: 1046 daAuts
     D:5: 990 daAuts
     D:6: 968 daAuts
     D:7: 17 daAuts
  Temple: 1 daAuts
